woodfighter, lawful female dwarven Priestess ----- --------- |...| |....<..|############# #q# |....######|.......|##########------ q -.-.- #|.......| ##-->...| @f # # #------.-- ##......|########## ### ###################|.....|# | # # |..{..|# ...+ ### ### |......## ...............| # # # -------# --------------- -|-+-- #######################` |....| # |....| ----------.- |.....## |..........| ------ # |..........| ###|..........| #-..........| -.---------- ^ woodfighter the Acolyte Experience level: 5 Strength: 15 Dexterity: 11 Constitution: 17 Intelligence: 17 Wisdom: 9 Charisma: 9 Health: 0(48) Energy: 39(39) Def: 3 Gold: 595 Moves: 3285 Dungeon seed: IIpnbAF_kGRgEQyp Game ID: woodfighter_1552825571 Your Inventory: Coins $ - 595 gold pieces Weapons a - a blessed rusty +1 mace (weapon in hand) Armor e - a +0 robe (being worn) n - a +0 small shield (being worn) Comestibles c - a clove of garlic d - 3 sprigs of wolfsbane A - a eucalyptus leaf Scrolls q - a cursed scroll of enchant weapon v - a scroll of enchant armor x - a scroll of identify B - a scroll of enchant weapon C - a cursed scroll of enchant armor I - a blessed scroll of remove curse L - a scroll of light Spellbooks g - a spellbook of detect monsters h - a spellbook of light i - a spellbook of protection Potions b - 4 potions of holy water r - a potion of unholy water z - a potion of water Rings o - a ring of protection from shape changers Wands f - a wand of cancellation (0:1) t - a wand of enlightenment (0:11) F - a wand of enlightenment (0:15) G - a wand of light (0:13) H - a wand of speed monster (0:4) Tools s - a sack J - a magic flute (0:7) Spells and supernatural/magical abilities: Name Level Category Fail Memory l - light 1 divination 0% 84% n - detect monsters 1 divination 0% 84% p - protection 1 clerical 0% 84% W - pray for help -- divine ? -- X - turn undead -- divine ? -- Your skills at the end: Miscellaneous Skills shield [Basic] wands [Basic] Weapon Skills pick-axe [Basic] mace [Basic] Spellcasting Skills clerical spells [Basic] Final Attributes: You were devoutly aligned. You had infravision. You were very stealthy. You are dead. Vanquished creatures: a large mimic a pony a fog cloud a shrieker a floating eye a homunculus an iguana a giant bat a dwarf zombie a werejackal 2 coyotes an acid blob a large kobold 6 geckos 2 giant rats 6 cave spiders a brown mold a yellow mold 2 manes a jackal a fox 3 newts a goblin 2 grid bugs a bat 7 lichens 3 kobold zombies 51 creatures vanquished. Voluntary challenges: You did not adorn yourself with jewelry or accessories. You did not cause conflict. You were not invisible. You did not have reflection. You were not displaced. You were an atheist. You used a wielded weapon 69 times, starting on turn 4. You did not use containers. You did not apply a unicorn horn. You did not use plumbed fixtures. You did not drink any magical draughts. You were illiterate. You never genocided any monsters. You never polymorphed an object. You never changed form. You used no wishes. You never split a pudding. You never wrote Elbereth's name. You never violated your personal moral code. Dungeon overview: The Dungeons of Doom: levels 1 to 8 Level 1 a long staircase Level 2 stairs to The Gnomish Mines Level 3 a general store Level 4 many fountains Level 5 (chest + eyes) a general store, a sink Level 6 (vault + box) a general store Level 7 <- You were here a fountain Level 8 The Gnomish Mines: Level 3 stairs to The Dungeons of Doom History has recorded: On T:1 you entered the Dungeons of Doom to retrieve the Amulet of Yendor! On T:299 you reached level 2 of The Dungeons of Doom. On T:628 you reached level 1 of The Gnomish Mines. On T:677 you advanced to experience level 2. On T:687 you reached level 3 of The Dungeons of Doom. On T:1056 you reached level 4 of The Dungeons of Doom. On T:1332 you reached level 5 of The Dungeons of Doom. On T:1357 you advanced to experience level 3. On T:1946 you reached level 6 of The Dungeons of Doom. On T:2075 you advanced to experience level 4. On T:2468 you reached level 7 of The Dungeons of Doom. On T:2847 you advanced to experience level 5. On T:3174 you reached level 8 of The Dungeons of Doom. Score breakdown: Gold: 595 ( 59 points) Experience: 5 levels ( 400 points) Exploration: 8 levels ( 210 points) Discoveries: 12 items ( 600 points) Variety of kills: 27 monsters ( 1350 points) Major goal: (nothing yet) ( 0 points) Survival: died (score multiplied by 3) Total score: 7857 Latest messages: You try to move the boulder, but in vain. You feel strong! You must have been exercising. You hear water falling on coins. You displace kitty. You stop exploring. You are beginning to feel weak. That food really hit the spot! You finish eating the food ration. The rothe claws you! The rothe bites! (2x) You hit the rothe. The rothe claws you! The rothe bites! (2x) The rothe claws you! The rothe bites! (2x) You hit the rothe. The rothe claws you! The rothe bites! (2x) You hit the rothe. Kitty misses the rothe. The rothe claws you! The rothe bites! (2x) You die... The sack is empty. The sack is empty. Final status: Goodbye woodfighter the Priestess, killed by a rothe... You died in The Dungeons of Doom on dungeon level 7 with 7857 points, and 595 pieces of gold, after 3285 moves. You were level 5 with a maximum of 48 hit points when you died.